 Dungeon Crawl Stone Soup version 0.31-a0-455-g1a7b003ef0 (webtiles) character file.

Game seed: 17504656948034673185

89 CraigForest the Shield-Bearer (level 4, -1/37 HPs)
             Began as a Formicid Fighter on Aug 3, 2023.
             Slain by a goblin
             ... wielding a +0 club
              (3 damage)
             ... on level 2 of the Dungeon.
             The game lasted 00:05:48 (1290 turns).

CraigForest the Shield-Bearer (Formicid Fighter)    Turns: 1290, Time: 00:05:48

Health: -1/37      AC:  7    Str: 22    XL:     4   Next: 84%
Magic:  4/4        EV:  9    Int:  8    God:
Gold:   91         SH:  5    Dex: 13    Spells: 3/3 levels left

rFire   . . .        o - +0 great sword
rCold   . . .        c - +0 buckler
rNeg    + . .        b - +0 scale mail
rPois   .            (helmet unavailable)
rElec   .            (no cloak)
rCorr   +            (no gloves)
SInv    +            (no boots)
Will    .....        (no amulet) Stlth
                     e - ring "Huej" {rN+ rCorr}
HPRegen 0.26/turn    (no ring)
MPRegen 0.09/turn

%: no passive effects
@: no status effects
A: permanent stasis, dig shafts and tunnels, antennae 3, four strong arms
a: Dig, Shaft Self


You were on level 2 of the Dungeon.
You visited 1 branch of the dungeon, and saw 2 of its levels.

You collected 91 gold pieces.

Inventory:

Hand Weapons
 a - a +0 trident
 o - a +0 great sword (weapon)
Missiles
 g - 3 javelins
Armour
 b - a +0 scale mail (worn)
 c - a +0 buckler (worn)
Jewellery
 e - the ring "Huej" (left hand) {rN+ rCorr}
   (You acquired it on level 1 of the Dungeon)

   [ring of positive energy]

   rN:        It protects you from negative energy.
   rCorr:     It protects you from acid and corrosion.
 f - a ring of fire
Talismans
 k - a beast talisman
 m - a blade talisman
Scrolls
 j - a scroll of amnesia {unknown}
 l - 2 scrolls of revelation {unknown}
 n - a scroll of blinking {unknown}
 p - a scroll of teleportation {unknown}
Potions
 d - a potion of might
 h - a potion of haste {unknown}
 i - a potion of attraction {unknown}


   Skills:
 + Level 3.7 Fighting
 * Level 2.1 Long Blades
 - Level 2.4 Polearms
 + Level 3.9 Armour
 + Level 4.5 Shields


You had 3 spell levels left.
You didn't know any spells.
Your spell library contained the following spells:

 Spells                   Type           Power      Damage    Failure   Level
 Manifold Assault         Tloc           0%         N/A       100%        4
 Blink                    Tloc           Unusable   N/A       N/A         2

Dungeon Overview and Level Annotations

Branches:
Dungeon (2/15)

Altars:


Innate Abilities, Weirdness & Mutations

You cannot be hasted, slowed, berserked, paralysed or teleported.
You can dig through walls and to a lower floor.
You have a pair of large antennae on your head. (SInv)
Your four strong arms can wield two-handed weapons with a shield.


Message History

You are too injured to fight recklessly!
You are too injured to fight recklessly!
You are too injured to fight recklessly!
You are too injured to fight recklessly!
You are too injured to fight recklessly!
You are too injured to fight recklessly!
You are too injured to fight recklessly!
You are too injured to fight recklessly!
You are too injured to fight recklessly!
You are too injured to fight recklessly!
You are too injured to fight recklessly!
You are too injured to fight recklessly!
You closely miss the goblin.
You feel very sick. The goblin barely misses you.
The goblin hits you but does no damage. The goblin closely misses you.
You barely miss the goblin.
You feel very sick. You block the goblin's attack.
The goblin hits you but does no damage. The goblin hits you with a +0 club.
* * * LOW HITPOINT WARNING * * *
The goblin hits you but does no damage.
You closely miss the goblin.
You feel sick. You block the goblin's attack.
The goblin hits you with a +0 club.
* * * LOW HITPOINT WARNING * * *
You slash the goblin!
You kill the goblin!
* * * LOW HITPOINT WARNING * * *
You feel sick.
The goblin hits you but does no damage. x2
You slash the kobold!
You kill the kobold!
* * * LOW HITPOINT WARNING * * *
You feel sick.
You are no longer poisoned.
You block the goblin's attack.
You closely miss the goblin. You block the goblin's attack. x2
You closely miss the goblin. The goblin barely misses you.
You block the goblin's attack.
You barely miss the goblin. The goblin hits you with a +0 club.
You die...

# ## # ..
################
.####...............
>.
{....##.##############
... #.#.##.#
{#.##.#.##.#
#.......#.#
#...#)@..###
..####..g##....... {
.........##.######
..###......# {
#...#..###########
##.####...........#
#...# #..#######.##
#...# ##......##.#
#...# ######.##.#####


You could see a goblin.

Vanquished Creatures
  3 gnolls (D:2)
  2 adders (D:2)
  3 dart slugs
  A worm (D:2)
  3 bats
  3 endoplasms
  A giant cockroach (D:1)
  4 goblins
  A hobgoblin (D:1)
  5 kobolds
  3 quokkas (D:1)
  3 ball pythons
  A frilled lizard (D:1)
  4 rats (D:1)
37 creatures vanquished.

Notes
Turn   | Place    | Note
-------+----------+-------------------------------------------
     0 | D:1      | CraigForest the Formicid Fighter began the quest for the
                  | Orb.
     0 | D:1      | Reached XP level 1. HP: 18/18 MP: 1/1
   119 | D:1      | Reached XP level 2. HP: 16/24 MP: 2/2
   420 | D:1      | Reached XP level 3. HP: 29/29 MP: 3/3
   838 | D:1      | Identified a scroll of acquirement
   838 | D:1      | Acquired the ring "Huej" {rN+ rCorr}
  1048 | D:2      | Reached skill level 1 in Long Blades
  1138 | D:2      | Reached XP level 4. HP: 36/36 MP: 4/4
  1287 | D:2      | HP: 1/37 [poisoned by a goblin]
  1290 | D:2      | Slain by a goblin

Illustrated notes

Levels and vault maps discovered:
D:1:      amcnicky_arrival_gap_in_the_tavern_cellar, layout_basic
D:2:      layout_basic, dreamdust_ecumenical_altar_drowned_temple

Skill      XL: |  1  2  3  4 |
---------------+-------------+-----
Long Blades    | 1 2 |  2.1
Fighting       | |  3.7
Polearms       | |  2.4
Armour         | |  3.9
Shields        | |  4.5

Action                     |  1- 3 |  4- 6 || total
---------------------------+-------+-------++-------
  Melee: Trident           |    67 |       ||    67
         Great sword       |    27 |    27 ||    54
    Use: Scroll            |     2 |       ||     2
 Armour: Scale mail        |    35 |    18 ||    53
  Dodge: Dodged            |    28 |     9 ||    37
  Block: Buckler           |    21 |     9 ||    30

Table legend: (Time is in decaauts)
 A = Elapsed time spent in this place.
 B = Non-inter-level travel time spent in this place.
 C = Inter-level travel time spent in this place.
 D = Time resting spent in this place.
 E = Time spent auto-exploring this place.
 F = Levels seen in this place.
 G = Mean time per level.
                   A        B        C        D        E       F      G
               +--------+--------+--------+--------+--------+-----+--------+
         Total |   1339 |   1004 |    335 |      0 |    713 |   2 |  669.5 |
       Dungeon |   1339 |   1004 |    335 |      0 |    713 |   2 |  669.5 |
               +--------+--------+--------+--------+--------+-----+--------+

Top non-repeatable levels by time:
     D:1: 943 daAuts
     D:2: 396 daAuts
